Map: 2000 Atmospheres LE

Players

Serral

  • Race: Zerg Zerg
  • League: Grandmaster

LiquidMaNa (MaNa) - Winner!

  • Race: Protoss Protoss
  • League: Grandmaster

Event: DreamHack SC2 Masters 2021 Summer

VOD

Have the link to the VOD?

Description

Time

  • Played on: May 28, 2021, 10:37 a.m.
  • Length: 12:00

All games in this series

Show
View Real Time Build Order
Export as new Build Order

Serral Zerg 

Build Orders: Pool First 

Get SALT Encoding   

  12  0:00  Drone  
  13  0:12  Overlord  
  13  0:16  Drone  
  14  0:30  Drone x2  
  14  0:34  Drone  
  17  0:44  Spawning Pool  
  16  1:09  Hatchery, Drone  
  16  1:13  Drone  
  17  1:24  Drone  
  18  1:27  Extractor  
  18  1:30  Queen  
  18  1:31  Zergling x2  
  20  1:34  Drone  
  21  1:42  Overlord  
  21  1:53  Drone  
  22  2:04  Drone  
  22  2:06  Queen  
  25  2:14  Drone  
  26  2:21  Drone, Queen  
  29  2:26  Drone  
  29  2:29  Metabolic Boost  
  29  2:33  Drone  
  30  2:38  Zergling x2  
  30  2:40  Drone x3  
  34  2:45  Drone  
  34  2:49  Overlord  
  35  2:57  Zergling x2  
  36  3:01  Hatchery  
  35  3:06  Overlord  
  35  3:08  Zergling x2  
  37  3:12  Drone  
  37  3:15  Drone x2  
  37  3:16  Drone  
  37  3:19  Drone  
  38  3:32  Drone x5  
  43  3:34  Drone  
  43  3:42  Spore Crawler  
  43  3:43  Queen  
  44  3:49  Queen  
  44  3:52  Overlord  
  44  3:54  Drone  
  47  3:57  Drone  
  47  3:58  Drone  
  47  3:59  Drone  
  47  4:01  Drone  
  51  4:06  Overlord  
  51  4:11  Zergling x6  
  51  4:14  Spore Crawler  
  53  4:17  Queen  
  53  4:18  Drone  
  53  4:21  Drone x2  
  58  4:25  Drone  
  58  4:29  Drone, Roach Warren  
  58  4:31  Drone  
  60  4:33  Zergling x2  
  60  4:34  Drone  
  60  4:38  Overlord  
  62  4:40  Drone  
  62  4:41  Drone x2  
  62  4:44  Overlord  
  64  4:46  Zergling x2  
  64  4:48  Drone  
  64  4:51  Overlord  
  66  4:53  Spore Crawler  
  66  4:56  Drone x3  
  66  4:58  Drone  
  69  5:02  Lair  
  69  5:05  Drone x2  
  69  5:06  Drone  
  72  5:13  Drone x4  
  76  5:18  Extractor  
  76  5:19  Drone  
  76  5:20  Drone x3  
  78  5:21  Extractor  
  78  5:22  Drone x3  
  78  5:25  Drone  
  78  5:27  Drone  
  78  5:28  Evolution Chamber  
  81  5:32  Extractor  
  81  5:33  Extractor, Overlord  
  81  5:34  Drone x3  
  81  5:35  Extractor, Drone  
  81  5:40  Drone  
  81  5:42  Overlord  
  83  5:43  Overlord  
  83  5:46  Overlord  
  83  5:48  Drone  
  84  5:55  Hatchery, Queen  
  85  5:59  Drone x2  
  89  6:04  Zerg Missile Weapons Level 1  
  89  6:05  Hydralisk Den  
  89  6:06  Drone  
  89  6:07  Drone  
  90  6:12  Overlord  
  90  6:13  Overlord  
  90  6:18  Overlord  
  90  6:21  Overlord  
  90  6:23  Queen  
  90  6:26  Queen  
  90  6:30  Drone  
  90  6:31  Drone  
  94  6:34  Grooved Spines  
  94  6:38  Drone, Spore Crawler  
  93  6:44  Hydralisk x6  
  105  6:52  Hydralisk x3  
  111  6:58  Hydralisk x2  
  115  7:03  Hydralisk x2  
  117  7:15  Hydralisk  
  117  7:16  Hydralisk x5  
  129  7:25  Queen  
  129  7:26  Queen x2  
  129  7:27  Queen  
  137  7:33  Hydralisk x3  
  141  7:37  Hydralisk x2  
  142  7:46  Muscular Augments  
  142  7:48  Hydralisk x4  
  150  7:52  Overlord x2  
  150  7:53  Overseer  
  150  7:57  Hydralisk x2  
  154  8:01  Overlord  
  154  8:06  Hydralisk  
  154  8:07  Hydralisk  
  154  8:11  Hydralisk x3  
  164  8:15  Hydralisk  
  164  8:16  Hydralisk  
  168  8:21  Hydralisk x2  
  168  8:25  Zerg Ground Armor Level 1  
  172  8:28  Hydralisk x2  
  176  8:41  Hydralisk x4  
  184  9:00  Hydralisk x2  
  180  9:06  Hydralisk  
  180  9:07  Hydralisk x2  
  184  9:12  Infestation Pit  
  183  9:18  Overlord x2  
  183  9:23  Overlord  
  183  9:25  Queen  
  183  9:26  Queen x2  
  183  9:27  Queen  
  167  9:32  Hydralisk x6  
  167  9:37  Hydralisk x6  
  131  9:46  Hydralisk x4  
  129  9:54  Hydralisk x3  
  133  10:01  Hydralisk  
  133  10:02  Hydralisk  
  137  10:07  Hydralisk x3  
  143  10:18  Hydralisk x4  
  139  10:28  Hydralisk x3  
  127  10:32  Hydralisk  
  127  10:35  Hydralisk  
  130  10:42  Hydralisk x2  
  119  10:43  Hydralisk  
  125  10:50  Queen x4  
  133  11:00  Hydralisk x2  
  133  11:02  Zergling x2  
  133  11:03  Zergling x4  
  140  11:07  Drone x4  
  144  11:13  Drone  
  144  11:14  Drone x5  
  150  11:18  Hydralisk  
  150  11:23  Hydralisk x2  
  156  11:28  Infestation Pit  
  152  11:32  Hydralisk  
  152  11:33  Hydralisk x2  
Show
View Real Time Build Order
Export as new Build Order

LiquidMaNa Protoss - Winner!

Build Orders: 1 Gate Expand, Oracle Opening, Carriers 

Get SALT Encoding   

  12  0:00  Probe  
  13  0:12  Probe  
  14  0:19  Pylon  
  14  0:24  Probe  
  15  0:37  Probe (Chrono Boost)  
  15  0:40  Gateway  
  16  0:46  Probe (Chrono Boost)  
  16  0:49  Assimilator  
  17  0:51  Probe (Chrono Boost)  
  18  1:03  Probe  
  19  1:15  Probe  
  20  1:26  Cybernetics Core  
  20  1:37  Nexus  
  20  1:43  Pylon  
  20  1:47  Probe  
  20  1:53  Assimilator  
  21  1:59  Probe  
  21  2:00  Adept (Chrono Boost)  
  24  2:11  Probe  
  25  2:22  Stargate  
  25  2:23  Probe, Adept (Chrono Boost)  
  28  2:35  Probe  
  28  2:36  Warp Gate  
  29  2:49  Probe (Chrono Boost)  
  31  2:53  Probe (Chrono Boost)  
  31  2:56  Void Ray (Chrono Boost)  
  32  2:58  Probe (Chrono Boost)  
  32  3:01  Probe (Chrono Boost)  
  32  3:03  Probe (Chrono Boost)  
  37  3:12  Probe  
  39  3:13  Pylon  
  39  3:15  Probe  
  40  3:24  Probe  
  41  3:28  Probe  
  40  3:36  Probe  
  40  3:39  Oracle  
  40  3:40  Probe  
  40  3:41  Assimilator  
  43  3:42  Assimilator  
  43  3:45  Gateway  
  43  3:48  Probe  
  44  3:52  Probe, Pylon  
  45  4:00  Probe  
  46  4:04  Probe  
  47  4:12  Probe  
  47  4:16  Probe  
  49  4:24  Probe  
  49  4:25  Stargate, Fleet Beacon  
  49  4:26  Adept  
  49  4:28  Probe  
  53  4:36  Probe  
  53  4:38  Pylon  
  54  4:40  Probe, Pylon  
  55  4:48  Probe  
  56  4:53  Probe  
  57  5:00  Probe, Nexus  
  57  5:05  Probe  
  59  5:16  Carrier (Chrono Boost), Protoss Air Weapons Level 1  
  59  5:20  Carrier (Chrono Boost)  
  65  5:24  Probe x2  
  65  5:28  Pylon  
  73  5:35  Shield Battery  
  73  5:36  Probe x2  
  73  5:39  Forge  
  73  5:42  Pylon  
  75  5:44  Twilight Council  
  75  5:58  Probe  
  75  6:02  Probe  
  77  6:04  Assimilator  
  77  6:05  Carrier (Chrono Boost)  
  77  6:10  Assimilator  
  83  6:12  Probe x2  
  83  6:15  Carrier (Chrono Boost)  
  91  6:21  Probe  
  91  6:24  Probe x2  
  94  6:29  Photon Cannon  
  94  6:33  Probe  
  94  6:36  Probe x2  
  97  6:43  Charge  
  97  6:46  Probe  
  98  6:49  Gateway, Protoss Ground Weapons Level 1 (Chrono Boost)  
  98  6:50  Gateway  
  98  6:53  Gateway  
  104  7:04  Zealot x2  
  104  7:05  Carrier (Chrono Boost)  
  107  7:22  Pylon  
  107  7:25  Pylon  
  107  7:26  Carrier (Chrono Boost)  
  109  7:33  Gateway  
  109  7:34  Gateway  
  109  7:35  Gateway x2  
  109  7:36  Robotics Facility  
  109  7:46  Zealot x4  
  109  7:49  Probe x3  
  120  7:56  Photon Cannon  
  120  7:58  Pylon  
  120  7:59  Pylon  
  120  8:08  Pylon  
  120  8:11  Gateway  
  120  8:12  Gateway  
  120  8:17  Zealot x2  
  122  8:24  Templar Archives  
  122  8:27  Zealot x3  
  122  8:30  Zealot  
  130  8:40  Zealot x4  
  138  8:42  Zealot  
  138  8:46  Pylon  
  140  8:49  Pylon  
  140  8:50  Zealot x2  
  140  8:51  Pylon  
  142  8:57  Zealot  
  140  9:04  High Templar x5  
  140  9:05  Zealot  
  140  9:08  Zealot  
  146  9:15  High Templar  
  141  9:18  Archon x2  
  141  9:19  Zealot  
  142  9:30  Zealot x2  
  141  9:37  High Templar x5  
  132  9:40  High Templar  
  132  9:42  Archon x2  
  133  9:50  Archon  
  133  9:55  Nexus  
  133  10:05  Pylon  
  133  10:14  High Templar x4  
  133  10:22  Archon x2  
  131  10:33  Zealot x3  
  131  10:51  High Templar x2, Zealot x2  
  131  10:56  Pylon  
  139  10:57  Archon  
  139  11:10  High Templar  
  139  11:11  High Templar, Zealot x2  
  143  11:15  Archon  
  147  11:26  Assimilator  
  147  11:28  Assimilator  
  143  11:45  Zealot x6  
Tags
 
Add a new tag
Caveats
  • Supply blocks, unpowered buildings, or Contaminate may cause inaccurate times.
  • Supply counts are checked every 10 seconds.